General information
- name: BNet
- type: Ladder team game (AT/RT)
- host: Battle.net
- saver: MsY]DOGANDHORSE
map: SilverpineForest
- players: 6
- length: 51:58
- speed: Fast
- version: 1.26 W3XP
- replay type:

» download(408 KB)
Players
team 1 (winner)
BetUWishUNoSrch (
red | 90 APM | 4675 actions | 51:58)
10 Warden
3 Shadow Strike
3 Blink
3 Fan of Knives
1 Spirit of Vengeance
» actions
| Assign group hotkey | 4 | |
| Basic commands | 31 | |
| Build / train | 58 | |
| ESC pressed | 3 | |
| Enter build submenu | 72 | |
| Enter hero's abilities submenu | 11 | |
| Give item / drop item | 9 | |
| Right click | 3466 | |
| Select / deselect | 209 | |
| Select group hotkey | 477 | |
| Use ability | 333 | |
4675 total
» units
» upgrades
| Nature's Blessing | 1 | |
| Well Spring | 1 | |
| Ultravision | 1 | |
| Strength of the Wild | 3 | |
| Reinforced Hides | 3 | |
9 total
» buildings
| Altar of Elders | 1 | |
| Moon Well | 101 | |
| Tree of Life | 1 | |
| Tree of Ages | 1 | |
| Tree of Eternity | 1 | |
| Ancient of Wonders | 1 | |
| Hunter's Hall | 1 | |
| Ancient of Wind | 1 | |
108 total
» build order
00:08 Altar of Elders
00:16 Moon Well
01:45 Moon Well
03:22 Tree of Life
04:45 Tree of Ages
04:48 Moon Well
05:18 Moon Well
07:30 Tree of Eternity
07:33 Ancient of Wonders
07:34 Hunter's Hall
11:35 Moon Well
11:35 Moon Well
11:37 Moon Well
11:58 Moon Well
11:59 Moon Well
12:00 Moon Well
12:02 Moon Well
14:42 Moon Well
14:43 Moon Well
15:58 Moon Well
15:58 Moon Well
17:08 Moon Well
22:04 Moon Well
22:05 Moon Well
25:45 Moon Well
25:47 Moon Well
25:48 Moon Well
25:49 Moon Well
25:50 Moon Well
25:51 Moon Well
26:05 Ancient of Wind
27:45 Moon Well
27:45 Moon Well
27:47 Moon Well
27:51 Moon Well
27:52 Moon Well
27:52 Moon Well
29:48 Moon Well
29:50 Moon Well
29:51 Moon Well
29:53 Moon Well
34:54 Moon Well
34:58 Moon Well
35:00 Moon Well
35:04 Moon Well
35:05 Moon Well
35:05 Moon Well
35:07 Moon Well
35:08 Moon Well
35:09 Moon Well
35:12 Moon Well
35:17 Moon Well
35:17 Moon Well
35:17 Moon Well
35:18 Moon Well
35:18 Moon Well
35:19 Moon Well
35:21 Moon Well
35:25 Moon Well
35:26 Moon Well
35:28 Moon Well
35:28 Moon Well
35:30 Moon Well
35:33 Moon Well
38:34 Moon Well
38:34 Moon Well
38:35 Moon Well
38:37 Moon Well
38:37 Moon Well
38:37 Moon Well
38:38 Moon Well
38:39 Moon Well
40:17 Moon Well
40:18 Moon Well
40:18 Moon Well
40:19 Moon Well
40:19 Moon Well
40:26 Moon Well
40:26 Moon Well
40:27 Moon Well
40:29 Moon Well
40:29 Moon Well
40:29 Moon Well
40:46 Moon Well
40:46 Moon Well
40:46 Moon Well
40:48 Moon Well
40:48 Moon Well
40:48 Moon Well
41:51 Moon Well
41:59 Moon Well
42:00 Moon Well
42:18 Moon Well
42:19 Moon Well
42:26 Moon Well
42:27 Moon Well
42:28 Moon Well
42:28 Moon Well
43:28 Moon Well
43:31 Moon Well
43:33 Moon Well
43:37 Moon Well
43:38 Moon Well
43:38 Moon Well
43:40 Moon Well
44:00 Moon Well
44:24 Moon Well
» items
| Staff of Teleportation | 1 | |
| Boots of Speed | 1 | |
| Circlet of Nobility | 1 | |
| Lesser Clarity Potion | 1 | |
| Orb of Venom | 1 | |
| Potion of Healing | 2 | |
| Medallion of Courage | 1 | |
| Amulet of Spell Shield | 2 | |
| Pendant of Mana | 1 | |
| Legion Doom-Horn | 1 | |
12 total
Birdeneering (
teal | 134 APM | 6964 actions | 51:58)
6 Archmage
3 Blizzard
2 Brilliance Aura
1 Mass Teleport
6 Blood Mage
3 Flame Strike
2 Siphon Mana
1 Summon Phoenix
6 Mountain King
3 Storm Bolt
2 Bash
1 Avatar
» actions
| Assign group hotkey | 453 | |
| Basic commands | 43 | |
| Build / train | 154 | |
| Enter build submenu | 155 | |
| Enter hero's abilities submenu | 19 | |
| Give item / drop item | 11 | |
| Right click | 3332 | |
| Select / deselect | 540 | |
| Select group hotkey | 1855 | |
| Use ability | 401 | |
6964 total
» units
» upgrades
| Masonry | 3 | |
| Magic Sentry | 1 | |
| Lumber Harvesting | 1 | |
5 total
» buildings
| Altar of Kings | 1 | |
| Lumber Mill | 1 | |
| Farm | 5 | |
| Scout Tower | 152 | |
| Arcane Tower | 7 | |
| Guard Tower | 62 | |
| Keep | 1 | |
| Arcane Vault | 4 | |
| Arcane Sanctum | 1 | |
| Castle | 1 | |
| Town Hall | 2 | |
237 total
» build order
00:03 Altar of Kings
00:19 Lumber Mill
00:33 Farm
01:11 Farm
01:24 Scout Tower
01:50 Farm
01:53 Arcane Tower
01:54 Guard Tower
01:54 Guard Tower
01:56 Scout Tower
01:57 Scout Tower
02:07 Scout Tower
02:18 Scout Tower
02:23 Guard Tower
02:47 Arcane Tower
02:47 Guard Tower
02:48 Scout Tower
02:49 Scout Tower
02:53 Guard Tower
02:54 Scout Tower
03:30 Guard Tower
03:32 Scout Tower
03:33 Scout Tower
03:40 Scout Tower
03:45 Keep
03:48 Guard Tower
03:49 Scout Tower
03:51 Scout Tower
04:34 Guard Tower
04:35 Arcane Vault
04:39 Guard Tower
04:42 Scout Tower
04:42 Scout Tower
04:47 Arcane Vault
04:55 Scout Tower
04:56 Scout Tower
05:25 Guard Tower
05:46 Scout Tower
05:55 Guard Tower
05:58 Scout Tower
05:59 Scout Tower
06:00 Scout Tower
06:01 Scout Tower
06:06 Scout Tower
06:07 Scout Tower
06:10 Guard Tower
06:11 Scout Tower
06:12 Scout Tower
07:09 Scout Tower
07:10 Scout Tower
07:12 Guard Tower
07:16 Scout Tower
07:17 Scout Tower
07:45 Scout Tower
07:57 Guard Tower
07:59 Scout Tower
08:00 Scout Tower
08:48 Arcane Sanctum
09:22 Guard Tower
09:29 Scout Tower
09:33 Scout Tower
09:35 Scout Tower
09:37 Scout Tower
09:54 Arcane Vault
09:56 Scout Tower
10:00 Guard Tower
10:03 Arcane Tower
10:04 Guard Tower
10:06 Scout Tower
10:39 Guard Tower
10:56 Guard Tower
11:46 Scout Tower
11:48 Scout Tower
11:51 Scout Tower
11:52 Scout Tower
12:03 Scout Tower
12:09 Guard Tower
12:11 Scout Tower
12:12 Scout Tower
12:13 Scout Tower
12:15 Scout Tower
12:15 Scout Tower
12:17 Guard Tower
12:18 Scout Tower
12:19 Scout Tower
12:19 Guard Tower
13:15 Castle
13:53 Guard Tower
13:56 Scout Tower
13:57 Scout Tower
14:04 Scout Tower
14:05 Scout Tower
14:06 Guard Tower
14:37 Guard Tower
14:45 Guard Tower
14:59 Guard Tower
15:00 Scout Tower
15:02 Guard Tower
15:07 Scout Tower
15:21 Scout Tower
15:29 Guard Tower
15:53 Guard Tower
15:57 Scout Tower
16:01 Guard Tower
16:52 Guard Tower
16:52 Scout Tower
16:53 Scout Tower
16:54 Scout Tower
18:06 Guard Tower
18:11 Town Hall
18:24 Scout Tower
18:25 Scout Tower
18:25 Scout Tower
18:27 Guard Tower
18:30 Scout Tower
18:30 Scout Tower
18:31 Scout Tower
18:50 Scout Tower
18:51 Scout Tower
19:32 Town Hall
19:34 Scout Tower
19:35 Scout Tower
19:35 Scout Tower
19:49 Scout Tower
19:51 Scout Tower
19:52 Scout Tower
19:53 Scout Tower
19:53 Scout Tower
19:57 Guard Tower
20:03 Farm
20:16 Scout Tower
20:17 Scout Tower
20:19 Scout Tower
20:19 Scout Tower
20:21 Guard Tower
20:22 Scout Tower
20:22 Scout Tower
20:25 Farm
20:26 Scout Tower
20:51 Guard Tower
21:13 Guard Tower
21:15 Arcane Vault
21:17 Scout Tower
21:23 Guard Tower
21:26 Scout Tower
21:27 Scout Tower
21:28 Guard Tower
21:40 Guard Tower
22:07 Scout Tower
22:16 Guard Tower
22:16 Guard Tower
22:17 Scout Tower
22:18 Scout Tower
22:18 Scout Tower
23:09 Scout Tower
23:10 Scout Tower
23:12 Scout Tower
23:13 Scout Tower
23:13 Scout Tower
23:14 Guard Tower
23:16 Scout Tower
23:17 Scout Tower
23:23 Scout Tower
23:24 Scout Tower
23:52 Scout Tower
23:53 Scout Tower
23:54 Guard Tower
24:36 Arcane Tower
24:58 Scout Tower
25:00 Guard Tower
25:00 Guard Tower
25:17 Scout Tower
25:19 Scout Tower
25:23 Scout Tower
26:00 Guard Tower
26:02 Scout Tower
26:02 Scout Tower
26:03 Scout Tower
27:51 Guard Tower
27:52 Scout Tower
27:53 Guard Tower
27:55 Scout Tower
27:56 Guard Tower
28:23 Guard Tower
28:28 Scout Tower
29:17 Scout Tower
30:43 Guard Tower
30:45 Scout Tower
30:46 Scout Tower
31:33 Guard Tower
31:34 Scout Tower
31:36 Scout Tower
31:37 Scout Tower
31:39 Scout Tower
31:41 Scout Tower
31:42 Scout Tower
31:43 Scout Tower
31:44 Scout Tower
32:09 Arcane Tower
32:11 Scout Tower
33:00 Guard Tower
33:03 Guard Tower
33:04 Scout Tower
33:08 Arcane Tower
33:12 Scout Tower
33:13 Scout Tower
34:27 Guard Tower
34:29 Scout Tower
34:30 Scout Tower
34:31 Arcane Tower
34:36 Scout Tower
34:37 Scout Tower
34:39 Scout Tower
34:40 Scout Tower
34:41 Guard Tower
35:51 Guard Tower
35:59 Guard Tower
36:04 Scout Tower
36:05 Scout Tower
36:06 Scout Tower
38:30 Guard Tower
38:37 Scout Tower
39:09 Guard Tower
39:10 Scout Tower
50:55 Scout Tower
51:00 Scout Tower
51:02 Scout Tower
51:06 Scout Tower
51:10 Scout Tower
51:14 Scout Tower
51:18 Scout Tower
51:23 Scout Tower
51:30 Scout Tower
51:34 Scout Tower
51:38 Scout Tower
51:51 Scout Tower
51:56 Scout Tower
» items
| Scroll of Regeneration | 5 | |
| Boots of Speed | 3 | |
| Staff of Teleportation | 3 | |
| Scroll of Town Portal | 4 | |
| Staff of Sanctuary | 1 | |
| Talisman of Evasion | 2 | |
| Orb of Lightning | 3 | |
| Healing Salve | 1 | |
| Khadgar's Gem of Health | 2 | |
| Legion Doom-Horn | 1 | |
25 total
MsY]DOGANDHORSE (
pink | 127 APM | 6615 actions | 51:58)
10 Blademaster
3 Wind Walk
3 Critical Strike
1 Bladestorm
3 Mirror Image
» actions
| Assign group hotkey | 27 | |
| Basic commands | 17 | |
| Build / train | 114 | |
| Enter build submenu | 71 | |
| Enter hero's abilities submenu | 10 | |
| Give item / drop item | 10 | |
| Right click | 4352 | |
| Select / deselect | 496 | |
| Select group hotkey | 1137 | |
| Use ability | 380 | |
6615 total
» units
» upgrades
| Ranged Weapons | 3 | |
| Liquid Fire | 1 | |
| Armor | 3 | |
| Troll Regeneration | 1 | |
8 total
» buildings
| Altar of Storms | 1 | |
| Orc Burrow | 4 | |
| War Mill | 1 | |
| Voodoo Lounge | 5 | |
| Watch Tower | 83 | |
| Stronghold | 1 | |
| Beastiary | 2 | |
| Fortress | 1 | |
| Great Hall | 3 | |
| Barracks | 1 | |
102 total
» build order
00:10 Altar of Storms
00:18 Orc Burrow
00:41 War Mill
01:14 Voodoo Lounge
01:58 Watch Tower
02:00 Watch Tower
02:46 Watch Tower
02:48 Watch Tower
03:19 Stronghold
04:32 Orc Burrow
04:34 Watch Tower
04:34 Watch Tower
05:43 Beastiary
05:45 Beastiary
06:02 Watch Tower
06:04 Watch Tower
06:08 Orc Burrow
07:19 Fortress
08:00 Voodoo Lounge
09:02 Watch Tower
09:02 Watch Tower
09:03 Watch Tower
09:21 Orc Burrow
09:47 Voodoo Lounge
13:03 Watch Tower
13:04 Watch Tower
13:05 Watch Tower
13:05 Watch Tower
13:20 Watch Tower
14:49 Voodoo Lounge
14:55 Great Hall
14:57 Watch Tower
14:58 Watch Tower
14:59 Watch Tower
15:00 Watch Tower
15:01 Watch Tower
15:02 Watch Tower
15:03 Watch Tower
15:03 Watch Tower
15:04 Watch Tower
16:42 Great Hall
16:42 Watch Tower
16:43 Watch Tower
16:43 Watch Tower
16:44 Watch Tower
17:33 Watch Tower
17:34 Watch Tower
18:30 Watch Tower
18:31 Watch Tower
18:32 Watch Tower
18:32 Watch Tower
19:25 Watch Tower
20:25 Great Hall
20:28 Watch Tower
20:29 Watch Tower
20:30 Watch Tower
21:13 Watch Tower
21:13 Watch Tower
21:46 Watch Tower
21:47 Watch Tower
21:48 Watch Tower
21:48 Watch Tower
21:49 Watch Tower
21:49 Watch Tower
22:57 Watch Tower
22:59 Watch Tower
24:09 Watch Tower
24:10 Watch Tower
24:10 Watch Tower
24:44 Voodoo Lounge
24:48 Watch Tower
24:49 Watch Tower
25:05 Watch Tower
25:06 Watch Tower
25:06 Watch Tower
26:25 Watch Tower
26:30 Watch Tower
27:38 Watch Tower
29:42 Watch Tower
29:42 Watch Tower
29:43 Watch Tower
30:26 Barracks
35:31 Watch Tower
35:32 Watch Tower
35:32 Watch Tower
35:32 Watch Tower
35:32 Watch Tower
35:33 Watch Tower
35:33 Watch Tower
35:33 Watch Tower
35:33 Watch Tower
35:34 Watch Tower
35:34 Watch Tower
35:34 Watch Tower
35:34 Watch Tower
» items
| Healing Salve | 4 | |
| Lesser Clarity Potion | 9 | |
| Boots of Speed | 1 | |
| Staff of Teleportation | 1 | |
| Orb of Lightning | 1 | |
| Claws of Attack +12 | 2 | |
18 total
team 2 (loser)

»
f00bert (
blue | 117 APM | 5036 actions | 43:06)
4 Death Knight
2 Death Coil
2 Unholy Aura
4 Lich
2 Frost Nova
2 Frost Armor
» actions
| Assign group hotkey | 65 | |
| Basic commands | 13 | |
| Build / train | 128 | |
| Enter build submenu | 38 | |
| Enter hero's abilities submenu | 8 | |
| Remove unit from queue | 9 | |
| Right click | 2509 | |
| Select / deselect | 848 | |
| Select group hotkey | 1220 | |
| Use ability | 198 | |
5036 total
» units
| Acolyte | 20 | |
| Ghoul | 2 | |
| Crypt Fiend | 18 | |
| Meatwagon | 5 | |
| Obsidian Statue | 9 | |
54 total
» upgrades
| Creature Attack | 3 | |
| Creature Carapace | 3 | |
| Burrow | 1 | |
| Web | 1 | |
| Destroyer Form | 1 | |
9 total
» buildings
| Crypt | 2 | |
| Graveyard | 1 | |
| Ziggurat | 14 | |
| Altar of Darkness | 1 | |
| Tomb of Relics | 1 | |
| Halls of the Dead | 5 | |
| Nerubian Tower | 2 | |
| Slaughterhouse | 4 | |
| Black Citadel | 3 | |
| Spirit Tower | 17 | |
| Necropolis | 1 | |
| Sacrificial Pit | 1 | |
| Boneyard | 2 | |
54 total
» build order
00:12 Crypt
00:28 Graveyard
00:48 Ziggurat
01:10 Altar of Darkness
01:26 Tomb of Relics
01:32 Crypt
01:54 Ziggurat
03:03 Ziggurat
05:32 Ziggurat
05:47 Halls of the Dead
05:47 Halls of the Dead
05:48 Halls of the Dead
07:22 Ziggurat
07:58 Nerubian Tower
07:58 Nerubian Tower
08:11 Slaughterhouse
08:15 Slaughterhouse
08:19 Slaughterhouse
08:25 Slaughterhouse
08:27 Black Citadel
08:27 Black Citadel
12:15 Spirit Tower
12:15 Spirit Tower
13:30 Ziggurat
13:42 Spirit Tower
13:43 Spirit Tower
18:17 Necropolis
18:23 Ziggurat
18:25 Ziggurat
18:26 Ziggurat
18:28 Ziggurat
20:16 Spirit Tower
20:17 Spirit Tower
20:18 Spirit Tower
20:24 Spirit Tower
20:24 Spirit Tower
20:24 Spirit Tower
22:26 Ziggurat
23:20 Spirit Tower
23:21 Spirit Tower
23:23 Ziggurat
29:00 Halls of the Dead
31:35 Spirit Tower
31:35 Spirit Tower
32:24 Ziggurat
39:15 Black Citadel
39:49 Ziggurat
41:16 Sacrificial Pit
42:07 Boneyard
42:13 Boneyard
» items
| Rod of Necromancy | 2 | |
| Dust of Appearance | 1 | |
| Scroll of Town Portal | 2 | |
| Potion of Healing | 1 | |
| Orb of Corruption | 1 | |
| Boots of Speed | 1 | |
| Potion of Lesser Invulnerability | 1 | |
9 total

»
hm_aimster (
yellow | 86 APM | 4455 actions | 51:58)
5 Priestess of the Moon
3 Trueshot Aura
2 Scout
» actions
| Assign group hotkey | 54 | |
| Basic commands | 3 | |
| Build / train | 97 | |
| Enter build submenu | 51 | |
| Enter hero's abilities submenu | 5 | |
| Remove unit from queue | 14 | |
| Right click | 2279 | |
| Select / deselect | 591 | |
| Select group hotkey | 1213 | |
| Use ability | 148 | |
4455 total
» units
| Wisp | 37 | |
| Huntress | 4 | |
| Glaive Thrower | 3 | |
| Archer | 8 | |
| Hippogryph | 8 | |
60 total
» upgrades
| Ultravision | 1 | |
| Vorpal Blades | 1 | |
| Improved Bows | 1 | |
| Nature's Blessing | 1 | |
| Moon Armor | 1 | |
| Strength of the Moon | 2 | |
| Reinforced Hides | 2 | |
| Hippogryph Taming | 1 | |
10 total
» buildings
| Altar of Elders | 1 | |
| Moon Well | 16 | |
| Hunter's Hall | 1 | |
| Ancient of War | 3 | |
| Tree of Ages | 3 | |
| Tree of Eternity | 1 | |
| Ancient Protector | 7 | |
| Ancient of Wind | 1 | |
| Chimaera Roost | 1 | |
| Tree of Life | 10 | |
| Ancient of Wonders | 2 | |
46 total
» build order
00:19 Altar of Elders
00:29 Moon Well
01:25 Hunter's Hall
02:02 Ancient of War
02:08 Ancient of War
02:12 Moon Well
02:18 Moon Well
02:46 Ancient of War
03:02 Moon Well
03:21 Moon Well
03:25 Moon Well
03:29 Moon Well
04:57 Tree of Ages
06:11 Moon Well
06:45 Moon Well
08:00 Tree of Eternity
08:03 Moon Well
08:48 Ancient Protector
09:33 Ancient of Wind
11:21 Chimaera Roost
11:40 Moon Well
12:15 Moon Well
12:58 Tree of Life
13:05 Tree of Life
13:07 Ancient Protector
13:11 Ancient Protector
13:26 Ancient Protector
13:31 Ancient Protector
13:36 Ancient Protector
13:40 Ancient Protector
19:08 Tree of Ages
21:05 Tree of Life
23:14 Ancient of Wonders
26:14 Moon Well
26:42 Moon Well
32:42 Ancient of Wonders
34:26 Moon Well
34:29 Moon Well
38:09 Tree of Life
38:25 Tree of Life
38:44 Tree of Life
38:59 Tree of Life
39:16 Tree of Life
42:43 Tree of Life
46:05 Tree of Life
» items
| Potion of Healing | 1 | |
| Scroll of Town Portal | 1 | |
2 total

»
hm_elduderio (
purple | 52 APM | 2283 actions | 44:03)
5 Demon Hunter
3 Mana Burn
2 Evasion
» actions
| Assign group hotkey | 345 | |
| Basic commands | 4 | |
| Build / train | 96 | |
| Enter build submenu | 39 | |
| Enter hero's abilities submenu | 6 | |
| Remove unit from queue | 7 | |
| Right click | 987 | |
| Select / deselect | 395 | |
| Select group hotkey | 273 | |
| Use ability | 131 | |
2283 total
» units
| Wisp | 20 | |
| Faerie Dragon | 4 | |
| Dryad | 15 | |
| Chimaera | 16 | |
55 total
» upgrades
| Ultravision | 1 | |
| Abolish Magic | 1 | |
| Well Spring | 1 | |
| Strength of the Wild | 3 | |
| Reinforced Hides | 4 | |
| Druid of the Claw Training | 1 | |
| Corrosive Breath | 1 | |
| Hardened Skin | 0 | |
| Resistant Skin | 0 | |
| Strength of the Moon | 2 | |
| Moon Armor | 1 | |
15 total
» buildings
| Altar of Elders | 1 | |
| Moon Well | 8 | |
| Hunter's Hall | 1 | |
| Tree of Ages | 1 | |
| Ancient of Lore | 1 | |
| Tree of Eternity | 3 | |
| Ancient of Wind | 2 | |
| Ancient of Wonders | 1 | |
| Chimaera Roost | 2 | |
| Tree of Life | 4 | |
| Ancient Protector | 7 | |
31 total
» build order
00:12 Altar of Elders
00:41 Moon Well
02:01 Hunter's Hall
04:43 Tree of Ages
07:10 Ancient of Lore
08:12 Tree of Eternity
08:12 Tree of Eternity
09:35 Moon Well
09:51 Ancient of Wind
10:26 Ancient of Wonders
10:44 Ancient of Wind
11:52 Chimaera Roost
11:58 Chimaera Roost
13:51 Moon Well
14:56 Moon Well
16:00 Tree of Life
25:01 Moon Well
25:58 Moon Well
27:41 Moon Well
29:48 Moon Well
32:43 Ancient Protector
32:54 Ancient Protector
33:49 Ancient Protector
35:16 Tree of Life
35:32 Ancient Protector
36:17 Tree of Life
37:30 Tree of Life
37:34 Ancient Protector
37:35 Ancient Protector
37:37 Ancient Protector
» items
| Scroll of Town Portal | 5 | |
| Orb of Venom | 1 | |
| Potion of Healing | 2 | |
| Dust of Appearance | 1 | |
9 total
Chat log
(00:04 / All) BetUWishUNoSrch: polease
(00:11 / All) Birdeneering: STOP
(00:15 / All) BetUWishUNoSrch: pizza police gonna get U
(00:23 / All) hm_aimster: ohh no
(00:36 / All) hm_aimster: plz not
(00:43 / All) BetUWishUNoSrch: let pause , pizza ?
(00:48 / All) BetUWishUNoSrch: THANks!
(00:55 / All) Birdeneering: 1 count of not letting a good man pause for pizza
(00:59 / All) f00bert: ^^
(01:00 / All) BetUWishUNoSrch: hold on. im gonna puase for pizza
(01:01 / All) BetUWishUNoSrch: one second
(01:03 / All) BetUWishUNoSrch: pausing
(01:05 / All) BetUWishUNoSrch: dont un pause
(01:26 / All) BetUWishUNoSrch: your girlfriend? is your bitch
(01:33 / All) BetUWishUNoSrch: does she know you call her that.
(01:33 / All) Birdeneering: or your dog
(01:39 / All) Birdeneering: same question.
(01:41 / All) MsY]DOGANDHORSE: maybe he dog need a walk
(01:55 / All) hm_aimster: what about your dog and horse?
(02:00 / All) BetUWishUNoSrch: no
(05:30 / All) MsY]DOGANDHORSE: lol
(12:42 / All) Birdeneering: should have let us pause
(14:47 / All) Birdeneering: f00bert
(14:50 / All) Birdeneering: get out of here scrubbie
(15:45 / All) Birdeneering: told you f00bert
(15:50 / All) Birdeneering: stop trying that
(15:58 / All) Birdeneering: go home
(17:17 / All) Birdeneering: f00bert
(17:18 / All) MsY]DOGANDHORSE: quit the game
(17:22 / All) MsY]DOGANDHORSE: garbage
(17:24 / All) Birdeneering: why didn't you leave when I told you?
(17:32 / All) Birdeneering: f00bert
(17:34 / All) Birdeneering: you're resuming
(17:36 / All) Birdeneering: you can talk to me
(27:46 / All) Birdeneering: why didn't you let us get the pizza?
(28:03 / All) hm_aimster: because your mum sucked sooo bad
(28:06 / All) MsY]DOGANDHORSE: ?????????
(29:48 / All) Birdeneering: f00bert
(29:49 / All) Birdeneering: LEAVE
(29:52 / All) Birdeneering: this place
(31:00 / All) MsY]DOGANDHORSE: AHAGHHAHAHAHAHAH
(31:02 / All) MsY]DOGANDHORSE: HAHAHAHAHHAAH
(31:23 / All) MsY]DOGANDHORSE: quit
(31:24 / All) MsY]DOGANDHORSE: all of you
(31:25 / All) MsY]DOGANDHORSE: shit bit
(31:27 / All) BetUWishUNoSrch: f00bert....more like p00bert...
(32:59 / All) MsY]DOGANDHORSE: how You Doing?
(33:05 / All) hm_aimster: good
(33:12 / All) hm_aimster: raping your mum
(35:21 / All) MsY]DOGANDHORSE: lol
(35:22 / All) MsY]DOGANDHORSE: yellow
(35:24 / All) MsY]DOGANDHORSE: thanks i guess?
(35:32 / All) hm_aimster: for sure
(35:34 / All) hm_aimster: gift
(35:51 / All) hm_aimster: ur mom told me to do that
(35:58 / All) MsY]DOGANDHORSE: ????
(36:01 / All) hm_aimster: so ur gonna be happy at least one time
(36:07 / All) MsY]DOGANDHORSE: are you going to win?
(36:17 / All) hm_aimster: are we going to care?
(36:24 / All) MsY]DOGANDHORSE: i mean
(36:26 / All) MsY]DOGANDHORSE: you're still playing
(36:28 / All) MsY]DOGANDHORSE: you clearly carfe
(36:29 / All) MsY]DOGANDHORSE: care
(36:34 / All) hm_aimster: not at all
(36:44 / All) MsY]DOGANDHORSE: ok i expect your resignation on my desk very soon then
(36:57 / All) hm_aimster: wont happen any time soon
(37:33 / All) Birdeneering: stupid purple... LOL!!!
(38:26 / All) MsY]DOGANDHORSE: lol!
(38:45 / All) MsY]DOGANDHORSE: well, well, well, what have we here
(40:09 / All) MsY]DOGANDHORSE: bye
(40:25 / All) MsY]DOGANDHORSE: i let you keep expo
(41:04 / All) MsY]DOGANDHORSE: lol
(41:44 / All) MsY]DOGANDHORSE: the forest awake....
(42:50 / All) MsY]DOGANDHORSE: lol
(43:11 / All) MsY]DOGANDHORSE: lol
(43:14 / All) MsY]DOGANDHORSE: i love you guys
(43:16 / All) MsY]DOGANDHORSE: truly rotten
(43:20 / All) MsY]DOGANDHORSE: rotten noops
(43:26 / All) hm_aimster: i love your mum
(43:29 / All) hm_aimster: rotten
(43:36 / All) MsY]DOGANDHORSE: what does that mean
(44:05 / All) Birdeneering: you played a very poor game
(44:10 / All) MsY]DOGANDHORSE: http://highper.ch/
(44:13 / All) MsY]DOGANDHORSE: for more replays like this
(44:18 / All) MsY]DOGANDHORSE: thanks to all our fans for watching this replay
(44:22 / All) hm_aimster: www.yourporn.com
(44:29 / All) hm_aimster: for more vids of your mum
(44:37 / All) hm_aimster: getting raped
(44:42 / All) MsY]DOGANDHORSE: ?????
(44:49 / All) hm_aimster: from a dog
(44:51 / All) Birdeneering: you a misogynist boy?
(44:53 / All) hm_aimster: and a horse
(44:58 / All) MsY]DOGANDHORSE: thats me
(45:03 / All) hm_aimster: yeah
(45:11 / All) hm_aimster: thats how u got created
(45:13 / All) Birdeneering: why do you disrespect women so
(45:15 / All) hm_aimster: from a dog
(45:17 / All) MsY]DOGANDHORSE: excuse me
(45:19 / All) hm_aimster: and a horse
(45:21 / All) MsY]DOGANDHORSE: i was created by our lord YHWH
(45:35 / All) hm_aimster: noo, dog and horse
(45:39 / All) hm_aimster: sorry to tell u
(46:06 / All) Birdeneering: could the son of a dog and a horse and a mother defeat you with only towers?
(46:35 / All) MsY]DOGANDHORSE: bye
(46:45 / All) Birdeneering: if you were smarter you would have won the game..
(49:51 / All) MsY]DOGANDHORSE: lol
(49:56 / All) MsY]DOGANDHORSE: http://highper.ch/
(50:00 / All) MsY]DOGANDHORSE: thanks for staying
(50:01 / All) MsY]DOGANDHORSE: gg
(50:14 / All) hm_aimster: www.youporn.com
(50:20 / All) MsY]DOGANDHORSE: i know that site
(50:22 / All) Birdeneering: all angry
(51:57 / All) MsY]DOGANDHORSE: gg